 Dungeon Crawl Stone Soup version 0.24.1-14-gf8d2b509d9 (webtiles) character file.

Game seed: 8871172796798921795, levelgen mode: deterministic

161 lepoulpe303 the Vexing (level 5, -7/25 HPs)
             Began as a Spriggan Arcane Marksman on May 22, 2020.
             Mangled by a phantom (8 damage)
             ... on level 3 of the Dungeon.
             The game lasted 00:14:54 (4360 turns).

lepoulpe303 the Vexing (Spriggan Arcane Marksman)   Turns: 4360, Time: 00:14:55

Health: -7/25      AC:  2    Str:  7    XL:     5   Next: 19%
Magic:  10/10      EV: 19    Int: 14    God:
Gold:   135        SH:  4    Dex: 17    Spells: 0/9 levels left

rFire    . . .     SeeInvis +   a - +2 dagger (speed)
rCold    . . .     Gourm    .   (shield restricted)
rNeg     . . .     Faith    .   f - +0 robe
rPois    .         Spirit   .   (helmet restricted)
rElec    .         Reflect  +   (no cloak)
rCorr    .         Harm     .   (gloves unavailable)
MR       .....                  (boots unavailable)
Stlth    ++........             g - +4 amulet of reflection
HPRegen  0.08/turn              (no ring)
MPRegen  0.12/turn              (no ring)

@: very quick
A: very small, unfitting armour, see invisible, herbivore, speed 3, slow
metabolism 2
a: no special abilities


You were on level 3 of the Dungeon.
You were not hungry.

You visited 1 branch of the dungeon, and saw 4 of its levels.

You collected 135 gold pieces.

Inventory:

Hand Weapons
 a - a +2 dagger of speed (weapon)
 b - a +0 shortbow
Missiles
 t - 5 poisoned darts (quivered)
 Q - an arrow
Armour
 f - a +0 robe (worn)
Jewellery
 g - a +4 amulet of reflection (around neck)
 n - an uncursed amulet of guardian spirit {unknown}
Scrolls
 h - 2 scrolls of remove curse {unknown}
 i - 2 scrolls of identify
 l - a scroll of blinking {unknown}
 m - a scroll of fog {unknown}
 p - a scroll of magic mapping {unknown}
 r - 3 scrolls of teleportation {unknown}
 u - a scroll of enchant armour {unknown}
 v - a scroll of amnesia {unknown}
Potions
 c - 2 potions of haste {unknown}
 d - a potion of curing {unknown}
 j - a potion of ambrosia
 k - a potion of brilliance {unknown}
 q - a potion of lignification {unknown}
 s - 2 potions of mutation {unknown}
Comestibles
 e - 6 rations


   Skills:
 + Level 1.5 Fighting
 * Level 1.0 Short Blades
 * Level 3.6 Bows
 + Level 3.8 Dodging
 + Level 2.1 Stealth
 + Level 2.7 Spellcasting
 * Level 4.7 Hexes


You couldn't memorise any spells.
You knew the following spells:

 Your Spells              Type           Power        Failure   Level  Hunger
a - Inner Flame           Hex/Fire       #.......     26%         3    ###....
b - Portal Projectile     Hex/Tloc       #.....       26%         3    ###....
s - Slow                  Hex            ###.....     4%          2    ###....
v - Corona                Hex            ###....      3%          1    #......

Your spell library contained the following spells:

 Spells                   Type           Power        Failure   Level  Hunger
 Cause Fear               Hex            ###.......   32%         4    #####..
 Leda's Liquefaction      Hex/Erth       #.........   63%         4    #####..


Dungeon Overview and Level Annotations

Branches:
Dungeon (4/15)
 Temple: D:4-7

Altars:
Hepliaklqana
Makhleb
Xom
Yredelemnul
The Shining One

Annotations:
D:3 Sassenached's ghost, amateur HOWn


Innate Abilities, Weirdness & Mutations

You are very small and have problems with some larger weapons.
You are too small for most types of armour.
You have supernaturally acute eyesight. (SInv)
You are a herbivore.
You cover ground extremely quickly.
You need to consume almost no food.


Message History

You take 9 damage, and have 16/25 hp.
MASSIVE DAMAGE!!
You hit the gnoll but do no damage. The gnoll closely misses you.
You hit the gnoll. The phantom completely misses you.
You hit the gnoll but do no damage. You block the gnoll's attack.
The phantom hits you.
* * * LOW HITPOINT WARNING * * *
You take 5 damage, and have 11/25 hp.
You hit the phantom but do no damage. The gnoll hits you!
* * * LOW HITPOINT WARNING * * *
You take 8 damage, and have 3/25 hp.
MASSIVE DAMAGE!!
You hit the phantom but do no damage. The phantom barely misses you.
You hit the phantom. You block the gnoll's attack.
You hit the phantom but do no damage. The phantom closely misses you.
The gnoll hits you.
* * * LOW HITPOINT WARNING * * *
You take 2 damage, and have 1/25 hp.
You barely miss the phantom. The phantom hits you!
You die...

##.#...'.##h#§##.##...
#.###..#.#####Z#..#.##
##.#..##..._#l##....#
#.....##...####....##
##....##_..###.......
##...####...#.......
##.## ###'#.÷..### #g#
#..#<..## #@# #.....##
#W# ####'## #.# #.#
#.# #.##### #.#
##.....# #.# ##...##.#
#.#######.......#
#.......##.###..#
#######.##.# #..##


You could see a phantom and a gnoll.

Levels and vault maps discovered:
D:1:      lordsloth_arrival_two_stooges, layout_loops_ring,
          chequers_serial_rivers_micro_e
D:2:      layout_basic, grunt_temple_overflow_holy_war,
          chequers_ecumenical_altar_simple_redux, first_ration
D:3:      layout_loops_corners, regret_index_temple_of_mockery,
          gammafunk_ghost_icy, serial_park_tiny_2, serial_bayou_pond_e,
          roderic_batcave, kennysheep_decorative_pillar
D:4:      cheibrodos_greedy_goblins, layout_cave_pools,
          lemuel_coloured_pillars_altar, bloody_makhleb, serial_bayou,
          serial_bayou_ford_a, serial_bayou_pond_a, serial_bayou_crossing,
          serial_bayou_pond_b, nicolae_ru_path_of_blood

Notes
Turn   | Place    | Note
-------+----------+-------------------------------------------
     0 | D:1      | lepoulpe303 the Spriggan Arcane Marksman began the quest
                  | for the Orb.
     0 | D:1      | Reached XP level 1. HP: 9/9 MP: 3/3
    75 | D:1      | Identified a +0 club
   130 | D:1      | Identified a +0 club
   131 | D:1      | Identified a cursed -3 club
   132 | D:1      | Reached XP level 2. HP: 14/14 MP: 5/5
   136 | D:1      | Learned a level 2 spell: Slow
   149 | D:1      | Identified a +0 dagger
   152 | D:1      | Identified a +0 short sword
   407 | D:1      | Identified a +0 club
   426 | D:1      | HP: 3/14 [bat (1)]
   435 | D:1      | Identified a +0 shortbow
   441 | D:1      | HP: 2/14 [bat (1)]
   781 | D:1      | Reached skill level 4 in Hexes
   865 | D:1      | Identified 2 scrolls of identify
   865 | D:1      | Identified a +2 dagger of speed (You found it on level 1 of
                  | the Dungeon)
   868 | D:1      | Identified an amulet of reflection (You found it on level 1
                  | of the Dungeon)
  1001 | D:1      | Identified a +0 club
  1072 | D:1      | Reached skill level 1 in Fighting
  1280 | D:2      | Reached skill level 1 in Stealth
  1280 | D:2      | Reached skill level 2 in Spellcasting
  1386 | D:2      | Found a faded altar of an unknown god.
  1387 | D:2      | Identified a +0 club
  1502 | D:2      | Identified a ring of slaying (You found it on level 2 of
                  | the Dungeon)
  1509 | D:2      | Identified a +0 club
  1532 | D:2      | Found a glowing golden altar of the Shining One.
  1532 | D:2      | Identified a +0 club
  1535 | D:2      | Identified a +3 whip of holy wrath
  1535 | D:2      | Identified a +0 robe
  1535 | D:2      | Noticed an angel
  1566 | D:2      | Found a basalt altar of Yredelemnul.
  1568 | D:2      | Identified a +2 whip
  1568 | D:2      | Noticed a profane servitor
  1601 | D:2      | Reached XP level 3. HP: 18/18 MP: 7/7
  1706 | D:2      | Identified a +0 dagger
  1707 | D:2      | Identified a +0 club
  1785 | D:2      | Reached skill level 3 in Bows
  2140 | D:3      | Identified a +0 dagger
  2144 | D:3      | Identified a +0 halberd
  2147 | D:3      | Identified a +0 spear
  2229 | D:3      | Identified a +0 whip
  2283 | D:3      | Identified a +0 club
  2370 | D:3      | Found a runed translucent gate.
  2371 | D:3      | Found a runed translucent gate.
  2371 | D:3      | Found a runed translucent gate.
  2472 | D:3      | Identified a +0 ring mail
  2494 | D:3      | Reached XP level 4. HP: 14/22 MP: 8/8
  3022 | D:3      | Noticed Sassenached's ghost (amateur HOWn)
  3100 | D:3      | Learned a level 3 spell: Inner Flame
  3108 | D:3      | Found a hazy altar of Hepliaklqana.
  3109 | D:3      | Found a shimmering altar of Xom.
  3110 | D:3      | Noticed a spectral ugly thing
  3170 | D:3      | Identified a +0 short sword
  3274 | D:3      | Identified a +0 hand axe
  3276 | D:3      | Identified a +0 dagger
  3314 | D:3      | Identified a cursed +0 club
  3585 | D:3      | Reached skill level 2 in Stealth
  3585 | D:3      | Reached XP level 5. HP: 6/25 MP: 7/10
  3590 | D:3      | Learned a level 3 spell: Portal Projectile
  3863 | D:4      | Identified a cursed -3 whip
  3863 | D:4      | Identified a +0 halberd
  3887 | D:4      | Found a burning altar of Makhleb.
  3924 | D:4      | HP: 4/25 [adder (4)]
  3926 | D:4      | Identified 2 potions of ambrosia
  3949 | D:4      | Noticed a phantom
  3967 | D:4      | HP: 4/25 [phantom (5)]
  4319 | D:4      | Noticed a phantom
  4331 | D:3      | Reached skill level 1 in Short Blades
  4356 | D:3      | HP: 3/25 [gnoll (8)]
  4359 | D:3      | HP: 1/25 [gnoll (2)]
  4360 | D:3      | Mangled by a phantom

Table legend:
 A = Turns spent in this place as a percentage of turns spent in the entire game.
 B = Non-inter-level travel turns spent in this place as a percentage of non-inter-level travel turns spent in the entire game.
 C = Inter-level travel turns spent in this place as a percentage of turns spent in this place.
 D = Turns resting spent in this place as a percentage of non-inter-level travel turns spent in this place.
 E = Turns spent auto-exploring this place as a percentage of non-inter-level travel turns spent in this place.
 F = Non-inter-level travel turns spent in this place divided by the number of levels of this place that you've seen.
                   A       B       C       D       E      F
               +-------+-------+-------+-------+-------+----------------------
         Total | 100.0 | 100.0 |   5.0 |  28.9 |  48.3 | 1035.8
       Dungeon | 100.0 | 100.0 |   5.0 |  28.9 |  48.3 | 1035.8
               +-------+-------+-------+-------+-------+----------------------

Table legend:
 A = Kills in this place as a percentage of kills in entire the game.
 B = Kills by you in this place as a percentage of kills by you in the entire game.
 C = Kills by friends in this place as a percentage of kills by friends in the entire game.
 D = Other kills in this place as a percentage of other kills in the entire game.
 E = Experience gained in this place as a percentage of experience gained in the entire game.
 F = Experience gained in this place divided by the number of levels of this place that you have seen.
                   A       B       C       D       E      F
               +-------+-------+-------+-------+-------+----------------------
         Total | 100.0 | 100.0 |   N/A |   N/A | 100.0 |  57.8
       Dungeon | 100.0 | 100.0 |   N/A |   N/A | 100.0 |  57.8
               +-------+-------+-------+-------+-------+----------------------

Skill      XL: |  1  2  3  4  5 |
---------------+----------------+-----
Hexes          | 4 |  4.7
Fighting       | 1 |  1.5
Stealth        | 1 2 |  2.1
Spellcasting   | 2 |  2.7
Bows           | 3 |  3.6
Short Blades   | 1 |  1.0
Dodging        | |  3.8

Action                   |  1- 3 |  4- 6 || total
-------------------------+-------+-------++-------
Melee: Dagger            |    85 |   144 ||   229
       Short sword       |    11 |       ||    11
 Fire: Shortbow          |    54 |    20 ||    74
Throw: Dart              |    19 |    39 ||    58
 Cast: Slow              |     2 |     1 ||     3
  Use: Scroll            |     3 |     1 ||     4
       Potion            |       |     1 ||     1
 Stab: Sleeping          |     7 |       ||     7
  Eat: Ration            |       |     1 ||     1
Armor: Robe              |    12 |    15 ||    27
Dodge: Dodged            |    70 |   106 ||   176
Block: Other             |    11 |    36 ||    47

Vanquished Creatures
  A vampire bat (D:3)
  2 gnolls (D:3)
  3 adders
  3 worms
  A leopard gecko (D:3)
  2 orcs (D:3)
  12 bats
  2 giant cockroaches
  10 goblins
  9 hobgoblins
  5 kobolds
  2 quokkas (D:3)
  2 ball pythons
  3 frilled lizards
  9 rats
66 creatures vanquished.

Vanquished Creatures (others)
  A rat (D:2)
1 creature vanquished.

Grand Total: 67 creatures vanquished
